 Dungeon Crawl Stone Soup version 0.26.0-16-gc1dbca0489 (webtiles) character file.

Game seed: 986729473466299669

88 Marvel the Sneak (level 4, -11/21 HPs)
             Began as a Spriggan Enchanter on Jan 21, 2021.
             Killed by divine providence
             ... invoked by an orc priest
              (13 damage)
             ... on level 2 of the Dungeon.
             The game lasted 00:08:38 (2173 turns).

Marvel the Sneak (Spriggan Enchanter)               Turns: 2173, Time: 00:08:38

Health: -11/21     AC:  2    Str: 10    XL:     4   Next: 29%
Magic:  6/9        EV: 19    Int: 17    God:
Gold:   137        SH:  0    Dex: 16    Spells: 3/9 levels left

rFire    . . .     SeeInvis +   f - +1 dagger (elec)
rCold    . . .     Faith    .   (shield restricted)
rNeg     . . .     Spirit   .   b - +0 robe
rPois    .         Reflect  .   (helmet restricted)
rElec    .         Harm     .   (no cloak)
rCorr    .         Rampage  .   (gloves unavailable)
Will     .....                  (boots unavailable)
Stlth    +++.......             (no amulet)
HPRegen  0.07/turn              j - +6 ring of strength
MPRegen  0.11/turn              (no ring)

@: about to teleport, very quick
A: very small, unfitting armour, see invisible, speed 3
a: no special abilities


You were on level 2 of the Dungeon.
You visited 1 branch of the dungeon, and saw 3 of its levels.

You collected 137 gold pieces.

Inventory:

Hand Weapons
 a - a +2 dagger
 f - a +1 dagger of electrocution (weapon)
 k - a +3 dagger
 n - a +1 vorpal hunting sling
Missiles
 e - 21 poisoned darts (quivered)
 m - 80 stones
Armour
 b - a +0 robe (worn)
Jewellery
 j - a +6 ring of strength (left hand)
Scrolls
 c - 5 scrolls of identify
 d - a scroll of fog
 g - 3 scrolls of teleportation
 i - a scroll of enchant weapon
Potions
 h - a potion of cancellation {unknown}
 l - 2 potions of brilliance


   Skills:
 + Level 0.3 Fighting
 + Level 2.4 Short Blades
 + Level 4.0 Dodging
 + Level 5.2 Stealth
 + Level 3.2 Spellcasting
 + Level 4.1 Hexes


You had 3 spell levels left.
You knew the following spells:

 Your Spells              Type           Power        Failure   Level
a - Corona                Hex            18%          3%          1
b - Confusing Touch       Hex            17%          9%          3
c - Ensorcelled Hibernat  Hex/Ice        18%          11%         2

Your spell library contained the following spells:

 Spells                   Type           Power        Failure   Level
 Tukima's Dance           Hex            17%          9%          3
 Dazzling Flash           Conj/Hex       18%          22%         3


Dungeon Overview and Level Annotations

Branches:
Dungeon (3/15)

Altars:
Fedhas


Innate Abilities, Weirdness & Mutations

You are very small and have problems with some larger weapons.
You are too small for most types of armour.
You have supernaturally acute eyesight. (SInv)
You cover ground extremely quickly.


Message History

* * * LOW HITPOINT WARNING * * *
Casting: Corona (safe; 3% risk of failure)
Confirm with . or Enter, or press ? or * to list all spells.
Aiming: Corona (safe; 3% risk of failure)
Press: ? - help, Shift-Dir - straight line, f - orc priest
Aim: an orc priest, wielding a +0 dagger (chance to affect: 54%)
The orc priest is outlined in light.
The orc closely misses you. The orc priest barely misses you.
Casting: Corona (safe; 3% risk of failure)
Confirm with . or Enter, or press ? or * to list all spells.
Aiming: Ensorcelled Hibernation (safe; 11% risk of failure)
Press: ? - help, Shift-Dir - straight line, f/p - orc priest
Aim: an orc priest, wielding a +0 dagger (softly glowing, chance to affect: 40%)
The orc priest resists with some effort.
The orc hits you with a +0 short sword.
* * * LOW HITPOINT WARNING * * *
The orc priest invokes the aid of Beogh against you.
Beogh smites you!
Ouch! That really hurt!
You die...

♣♣♣♣.....♣♣ ♣ ♣♣♣♣♣ ♣...♣♣♣♣ ♣
♣♣♣ ♣♣♣♣...♣♣♣♣♣♣♣♣♣♣♣)..♣♣ ♣♣♣
..♣♣♣..†.♣♣...♣♣..........♣ ♣♣♣..
♣♣....♣♣♣♣♣♣♣....♣♣♣♣♣♣♣..♣♣♣..♣♣
♣♣♣♣♣♣ ♣♣♣♣♣♣ ♣♣....♣♣♣ ♣♣♣♣♣♣
#######
############...o@##########
.....#...........o........######
.###.#.........................#
.# #.#.........................#
.# #.#..†..........###.........#
.# #.#######'#...### #.........#
.# #.#######.#.#.# #.........# .#
#.^.........#.# #.........# .#
##########÷##.# #.........#


You could see an orc priest (corona) and an orc.

Vanquished Creatures
  4 adders (D:2)
  An ooze (D:1)
  2 dart slugs
  A ball python (D:1)
  6 bats
  3 giant cockroaches
  11 goblins
  3 hobgoblins (D:2)
  2 kobolds (D:1)
  2 quokkas (D:2)
  2 frilled lizards (D:1)
  6 rats
43 creatures vanquished.

Notes
Turn   | Place    | Note
-------+----------+-------------------------------------------
     0 | D:1      | Marvel the Spriggan Enchanter began the quest for the Orb.
     0 | D:1      | Reached XP level 1. HP: 9/9 MP: 5/5
   417 | D:1      | Reached XP level 2. HP: 13/13 MP: 4/6
   802 | D:1      | Reached XP level 3. HP: 16/16 MP: 6/8
   806 | D:1      | Learned a level 3 spell: Confusing Touch
  1166 | D:2      | Found a blossoming altar of Fedhas.
  1402 | D:2      | Reached skill level 5 in Stealth
  1540 | D:2      | Learned a level 2 spell: Ensorcelled Hibernation
  1621 | D:2      | Reached XP level 4. HP: 21/21 MP: 7/9
  2173 | D:2      | Killed from afar by an orc priest

Illustrated notes

Levels and vault maps discovered:
D:1:      dpeg_arrival_lava_altar, layout_rooms
D:2:      kb_forest_paths, layout_basic, general_overflow_altar,
          roderic_lattice_a
D:3:      layout_basic, nicolae_overflow_hidden_temple,
          kennysheep_generic_room_8

Skill      XL: |  1  2  3  4 |
---------------+-------------+-----
Spellcasting   | 3 |  3.2
Hexes          | 4 |  4.1
Short Blades   | 2 |  2.4
Stealth        | 5 |  5.2
Dodging        | 4 |  4.0
Fighting       | |  0.3

Action                   |  1- 3 |  4- 6 || total
-------------------------+-------+-------++-------
Melee: Dagger            |   122 |     9 ||   131
 Fire: Hunting sling     |     1 |       ||     1
Throw: Dart              |     5 |     6 ||    11
 Cast: Corona            |    21 |     1 ||    22
       Confusing Touch   |     2 |       ||     2
       Ensorcelled Hiber |       |     1 ||     1
  Use: Scroll            |     7 |     1 ||     8
       Potion            |     1 |       ||     1
 Stab: Sleeping          |     7 |     3 ||    10
       Confused          |     2 |       ||     2
Armor: Robe              |    11 |       ||    11
       Skin              |    15 |       ||    15
Dodge: Dodged            |    91 |     5 ||    96
